AoeStats
← schmeno

Arabia

510856272Analyzed
1v1 RM · 7h ago on Oct 2, 2026· 39m 2s· 2 players
Game mode
Random Map
Map size
Tiny (2 player)
Population
200
Speed
Normal
Resources
Standard
Victory
Conquest
Starting age
Dark Age
Ending age
Imperial Age
RankedLock teamsTeams togetherTeam positionsShared explorationLock speedFull tech treeHidden civsTurbo modeCheats
Victory
Defeat
🇺🇸 Saxons · United States
1198
+17
🇲🇽 Maya · Mexico
1219
-17
schmeno
6:52 Loom
9:19 Feudal Age
10:20 Double-Bit Axe
16:24 Stone Mining
20:12 Castle Age
19:44 Fletching
21:29 Scale Mail Armor
21:24 Gambesons
21:53 Squires
24:12 Chain Mail Armor
29:56 Forging
31:30 Town Watch
32:29 Wheelbarrow
33:22 Iron Casting
32:55 Gold Mining
34:52 Bloodlines
37:35 Redemption
OmarGutieG
0:26 Loom
9:16 Feudal Age
14:40 Fletching
22:22 Castle Age
21:44 Double-Bit Axe
21:51 Gold Mining
22:44 Padded Archer Armor
23:08 Bodkin Arrow
23:30 Crossbowman
25:57 Wheelbarrow
28:17 Ballistics
30:48 Scale Mail Armor
31:04 Bow Saw
31:18 Hand Cart
33:20 Thumb Ring
34:30 Town Watch
40:02 Imperial Age
Connection lost

Rejoining the realm…

Still unreachable

The connection could not be restored.

Session expired

The server has moved on; the page needs a fresh start.